Map: Abyssal Reef LE

Players

iPlayDefense

  • Race: Terran Terran
  • League: Bronze
  • Spawn Location: 5:00

Nicko - Winner!

  • Race: Terran Terran
  • League: Silver
  • Spawn Location: 11:00

VOD

Have the link to the VOD?

Description

Time

  • Played on: April 12, 2025, 1:47 p.m.
  • Length: 4:09
Show
View Real Time Build Order
Export as new Build Order

iPlayDefense Terran 

Build Orders: Gas First Reaper Expand 

Get SALT Encoding   

  12  0:00  SCV  
  13  0:13  SCV  
  14  0:20  Supply Depot  
  14  0:25  SCV  
  15  0:29  Refinery  
  15  0:45  Barracks  
  15  0:48  SCV  
  16  1:00  SCV  
  17  1:12  SCV  
  18  1:33  Orbital Command  
  18  1:43  Reaper  
  19  2:10  Command Center  
  19  2:32  Factory  
  19  2:40  SCV  
  19  2:43  Barracks Reactor  
  20  2:51  Supply Depot  
  20  2:52  SCV, Refinery  
  21  3:04  SCV  
  22  3:16  SCV  
  23  3:25  Factory Tech Lab  
  23  3:28  SCV  
  27  3:49  Supply Depot  
  27  3:54  Factory  
  27  3:55  SCV  
Show
View Real Time Build Order
Export as new Build Order

Nicko Terran - Winner!

Build Orders: Reaper Expand 

Get SALT Encoding   

  12  0:01  SCV  
  13  0:13  SCV  
  14  0:17  Supply Depot  
  14  0:25  SCV  
  15  0:39  SCV  
  15  0:41  Barracks  
  16  0:47  Refinery  
  16  0:51  SCV  
  17  1:03  SCV  
  18  1:15  SCV  
  19  1:33  Command Center  
  19  1:39  Reaper  
  20  1:49  SCV, Refinery  
  21  2:01  SCV  
  22  2:11  Factory  
  22  2:13  SCV  
  23  2:29  Barracks Reactor  
  23  2:34  Supply Depot  
  23  2:45  Orbital Command  
  23  2:52  Engineering Bay  
  23  2:54  Orbital Command  
  23  3:00  Factory Tech Lab  
  23  3:23  Marine x2  
  24  3:27  SCV  
  24  3:41  Marine x2  
  24  3:43  SCV  
  27  3:55  SCV  
Tags
 
Add a new tag
Caveats
  • Supply blocks, unpowered buildings, or Contaminate may cause inaccurate times.
  • Supply counts are checked every 10 seconds.